 Dungeon Crawl Stone Soup version 0.30-a0-6-g7c9e10e132 (webtiles) character file.

Game seed: 6148288894858304045

1691 nickcage the Destroyer (level 8, -5/41 HPs)
             Began as a Deep Elf Conjurer on Aug 22, 2022.
             Was a Believer of Vehumet.
             Slain by a sky beast (6 damage)
             ... on level 6 of the Dungeon.
             The game lasted 00:22:04 (6757 turns).

nickcage the Destroyer (Deep Elf Conjurer)          Turns: 6757, Time: 00:22:04

Health: -5/41      AC:  4    Str:  8    XL:     8   Next: 72%
Magic:  2/22       EV: 12    Int: 31    God:    Vehumet [**....]
Gold:   294        SH:  0    Dex: 13    Spells: 13/24 levels left

rFire   . . .      SeeInvis .    p - +6 war axe "Beastbane" {venom, Fragile Str+4 Int+5}
rCold   . . .      Faith    .    (no shield)
rNeg    . . .      Spirit   .    a - +1 robe
rPois   .          Reflect  .    (no helmet)
rElec   .          Harm     .    n - +0 cloak
rCorr   .          Rampage  .    (no gloves)
Will    .....                    (no boots)
Stlth   ++........               (no amulet)
HPRegen 0.13/turn                (no ring)
MPRegen 0.18/turn                (no ring)

@: no status effects
A: no striking features
a: Renounce Religion


You were on level 6 of the Dungeon.
You worshipped Vehumet.
Vehumet was pleased with you.
You visited 1 branch of the dungeon, and saw 7 of its levels.

You collected 294 gold pieces.

Inventory:

Hand Weapons
 c - a +0 whip
 k - a +0 war axe
 m - a +2 quarterstaff of chaos
 p - the +6 war axe "Beastbane" (weapon) {venom, Fragile Str+4 Int+5}
   (You found it on level 2 of the Dungeon)

   It poisons the flesh of those it strikes.
   Str:       It affects your strength (+4).
   Int:       It affects your intelligence (+5).
   Fragile:   It will be destroyed if unequipped.
Armour
 a - a +1 robe (worn)
 n - a +0 cloak (worn)
Jewellery
 r - an amulet of magic regeneration
Wands
 i - a wand of charming (2)
 l - a wand of roots (6)
Scrolls
 d - 2 scrolls of fear
 g - 2 scrolls of amnesia
 j - 2 scrolls of immolation
 v - 3 scrolls of fog
 x - a scroll of poison {unknown}
 y - a scroll of teleportation
Potions
 b - a potion of magic
 e - 2 potions of curing
 f - 2 potions of haste
 h - a potion of flight {unknown}
 o - a potion of cancellation {unknown}
 q - 2 potions of mutation
 s - 2 potions of might
 t - a potion of brilliance {unknown}
 u - 2 potions of invisibility
 w - a potion of degeneration {unknown}


   Skills:
 - Level 2.4 Dodging
 - Level 2.4 Stealth
 + Level 8.5 Spellcasting
 + Level 10.7 Conjurations
 - Level 2.0 Hexes
 - Level 2.0 Translocations


You had 13 spell levels left.
You knew the following spells:

 Your Spells              Type           Power      Damage    Failure   Level
a - Magic Dart            Conj           100%       1d8       1%          1
b - Searing Ray           Conj           100%       2d8       1%          2
c - Fulminant Prism       Conj/Hex       26%        3d14      2%          4
d - Iskenderun's Mystic   Conj/Tloc      52%        2d11      2%          4

Your spell library contained the following spells:

 Spells                   Type           Power      Damage    Failure   Level
 Freeze                   Ice            52%        1d7       3%          1
 Apportation              Tloc           50%        N/A       1%          1
 Dazzling Flash           Conj/Hex       100%       N/A       1%          3
 Stone Arrow              Conj/Erth      92%        3d12      1%          3
 Iskenderun's Battlesphe  Conj           68%        2d12      1%          5
 Sandblast                Erth           26%        2d8       3%          1
 Passwall                 Tmut/Erth      10%        N/A       6%          2
 Sublimation of Blood     Necr           13%        N/A       6%          2
 Inner Flame              Hex/Fire       19%        N/A       8%          3
 Irradiate                Conj/Tmut      23%        3d19      12%         5
 Cause Fear               Hex            13%        N/A       16%         4
 Petrify                  Tmut/Erth      13%        N/A       36%         4
 Iron Shot                Conj/Erth      23%        9d5       54%         6
 Alistair's Intoxication  Tmut/Pois      8%         N/A       71%         5
 Spellforged Servitor     Conj/Summ      23%        N/A       98%         7
 Discord                  Hex            13%        N/A       100%        8


Dungeon Overview and Level Annotations

Branches:
Dungeon (7/15)             Temple (0/1) D:4

Altars:
Dithmenos
Trog
Vehumet

Shops:
D:4 [*

Annotations:
D:3 2 runed translucent doors, Jessica; greasedhog's ghost, amateur GrWn
D:4 3 runed translucent doors, gregwegmann's ghost, amateur TrTm
D:5 1 runed translucent door


Message History

There is a stone staircase leading up, spattered with blood here.
You hit the orc wizard.
You kill the orc wizard!
Vehumet accepts your kill.
You feel your power returning. The sky beast barely misses you.
Casting: Fulminant Prism (dangerous; 2% risk of failure)
Confirm with . or Enter, or press ? or * to list all spells.
You erupt in a blast of force!
The mystic blast hits the sky beast.
The sky beast is moderately wounded.
The sky beast hits you but does no damage.
Casting: Iskenderun's Mystic Blast (dangerous; 2% risk of failure)
Confirm with . or Enter, or press ? or * to list all spells.
Okay, then.
The searing ray hits the sky beast.
The sky beast is heavily wounded. (Press . to maintain the ray.)
The sky beast flickers out of sight!
Deactivating autopickup; reactivate with Ctrl-A.
Something hits you. Something shocks you.
Something hits you but does no damage.
An orc comes into view. It is wielding a +0 club.
The orc drinks a potion.
The orc flickers and vanishes!
Something hits you but does no damage.
You climb upwards.
Reactivating autopickup.
There is a stone staircase leading down, spattered with blood here.
Something hits you. Something shocks you.
Deactivating autopickup; reactivate with Ctrl-A.
You closely miss something. Something hits you. Something shocks you.
You miss something. Something hits you. Something shocks you.
* * * LOW HITPOINT WARNING * * *
Something hits you.
* * * LOW HITPOINT WARNING * * *
Something shocks you.
* * * LOW HITPOINT WARNING * * *
You closely miss something. Something hits you but does no damage.
You hit something. Something hits you.
* * * LOW HITPOINT WARNING * * *
Something shocks you.
You die...

#.#~~~~~~~~~.#...#..#..PPPPPPP..#
..#~........~#...#.....PPPPPPP..#
..#~.♣))..♣.~#...#..............#
..#~..).....~#...#..............#
..#~...##...~#####........###.###
..#~...##...~# #............#
..#~........~# #........#####
..#~.♣....♣.~# ###[.......#
..#~........~###@.........#
.##.~~~~~~~~~#..>#........#
..'###############........#
....###..###..## ##########
.....#.........########
.............#........#
.............##.......#
..............##......#
....#.........[.......#


There were no monsters in sight!

Vanquished Creatures
  Grinder (D:3)
  A sky beast (D:7)
  An orc warrior (D:6)
  2 ogres
  A centaur (D:7)
  A bullfrog (D:6)
  3 scorpions
  A wight (D:7)
  A howler monkey (D:6)
  2 hounds
  Crazy Yiuf (D:2)
  3 jellies
  2 orc priests (D:6)
  Ijyb (D:4)
  4 iguanas
  4 orc wizards
  Natasha (thrice) (D:2)
  Robin (D:3)
  4 gnolls
  2 adders
  A shadow imp (D:6)
  An ufetubus (D:4)
  2 dart slugs (D:3)
  13 orcs
  3 bats
  5 endoplasms
  5 giant cockroaches
  12 goblins
  12 hobgoblins
  8 jackals
  6 kobolds
  3 quokkas
  4 ball pythons
  2 frilled lizards (D:1)
  4 rats
120 creatures vanquished.

Vanquished Creatures (others)
  6 fulminant prisms
6 creatures vanquished.

Grand Total: 126 creatures vanquished

Notes
Turn   | Place    | Note
-------+----------+-------------------------------------------
     0 | D:1      | nickcage the Deep Elf Conjurer began the quest for the Orb.
     0 | D:1      | Reached XP level 1. HP: 10/10 MP: 6/6
   267 | D:1      | Reached XP level 2. HP: 15/15 MP: 4/8
   270 | D:1      | Learned a level 2 spell: Searing Ray
   309 | D:1      | Reached skill level 5 in Conjurations
   801 | D:1      | Reached XP level 3. HP: 19/19 MP: 4/9
   941 | D:2      | Noticed Natasha
   945 | D:2      | Killed Natasha
  1099 | D:2      | Noticed Natasha
  1107 | D:2      | Killed Natasha
  1108 | D:2      | Reached skill level 6 in Conjurations
  1108 | D:2      | Reached XP level 4. HP: 10/24 MP: 4/11
  1324 | D:2      | Noticed Natasha
  1330 | D:2      | Killed Natasha
  1717 | D:2      | Found a runed translucent door.
  1718 | D:2      | Noticed Crazy Yiuf
  1724 | D:2      | Killed Crazy Yiuf
  1725 | D:2      | Reached XP level 5. HP: 11/28 MP: 2/13
  2038 | D:2      | Identified the +6 war axe "Beastbane" {venom, Fragile Str+4
                  | Int+5}
  2401 | D:3      | Found a radiant altar of Vehumet.
  2407 | D:3      | Became a worshipper of Vehumet
  2603 | D:3      | Noticed Robin
  2639 | D:3      | Killed Robin
  2640 | D:3      | Reached skill level 7 in Conjurations
  2783 | D:3      | Noticed Grinder
  2787 | D:3      | Paralysed by Grinder for 5 turns
  3062 | D:3      | Killed Grinder
  3063 | D:3      | Reached skill level 8 in Conjurations
  3063 | D:3      | Reached XP level 6. HP: 20/32 MP: 4/14
  3180 | D:3      | Learned a level 4 spell: Fulminant Prism
  3185 | D:3      | Learned a level 4 spell: Iskenderun's Mystic Blast
  3214 | D:3      | Found a runed translucent door.
  3223 | D:3      | Noticed greasedhog's ghost (amateur GrWn)
  3260 | D:3      | Found a runed translucent door.
  3267 | D:3      | Found a shadowy altar of Dithmenos.
  3387 | D:3      | Noticed Jessica
  3681 | D:4      | Found Xaadic's General Store.
  3995 | D:4      | Found a staircase to the Ecumenical Temple.
  4003 | D:4      | Noticed Ijyb
  4030 | D:4      | Killed Ijyb
  4031 | D:4      | Reached skill level 1 in Hexes
  4031 | D:4      | Reached skill level 1 in Translocations
  4070 | D:4      | Reached XP level 7. HP: 16/36 MP: 8/15
  4220 | D:4      | Reached * piety under Vehumet
  4220 | D:4      | Offered knowledge of Shock by Vehumet.
  4268 | D:4      | Found a runed translucent gate.
  4393 | D:4      | Found a runed translucent gate.
  4393 | D:4      | Found a runed translucent gate.
  4397 | D:4      | Noticed gregwegmann's ghost (amateur TrTm)
  4735 | D:4      | Found Jofou's Antique Armour Shoppe.
  4882 | D:4      | Reached skill level 5 in Spellcasting
  4882 | D:4      | Reached skill level 9 in Conjurations
  5052 | D:5      | Entered Level 5 of the Dungeon
  5216 | D:5      | Found a runed translucent door.
  5262 | D:5      | Identified the +1 pair of gloves "Waovas" {Harm rPois rC-}
  5748 | D:6      | Reached XP level 8. HP: 41/41 MP: 9/19
  6116 | D:6      | Found a bloodstained altar of Trog.
  6268 | D:6      | Reached skill level 10 in Conjurations
  6735 | D:7      | Offered knowledge of Freeze by Vehumet.
  6736 | D:7      | Reached ** piety under Vehumet
  6757 | D:6      | HP: 1/41 [something (3)]
  6757 | D:6      | Slain by a sky beast

Illustrated notes

Levels and vault maps discovered:
D:1:      spicycebolla_green_bress_n_ham, layout_loops_ring,
          reono_crystal_passage
D:2:      layout_loops_cross, uniq_natasha, uniq_crazy_yiuf_cottage
D:3:      layout_basic, nicolae_vehumet_altar_sigil,
          mainiacjoe_overflow_boulevard, ebering_ghost_sewer_f,
          amethyst_killhole, minmay_distorted, uniq_jessica, uniq_robin,
          uniq_grinder
D:4:      layout_gridville, minmay_temple_entry_arrows, serial_shops, shop,
          nicolae_stop_n_shop_1, gammafunk_ghost_split, uniq_ijyb
D:5:      layout_cave_pools, lightli_church_of_beogh
D:6:      layout_rooms, mainiacjoe_overflow_chevrons, grunt_ministairs_14,
          corexii_hall_statues_i, minmay_misc_feat_hallway,
          kennysheep_pointless_box
D:7:      layout_basic, kennysheep_slug_shrine, minmay_diced_spiral

Skill      XL: |  1  2  3  4  5  6  7  8 |
---------------+-------------------------+-----
Conjurations   | 5 6 8 9 10 | 10.7
Spellcasting   | 4 6 8 |  8.5
Hexes          | 1 2 |  2.0
Translocations | 1 2 |  2.0
Dodging        | |  2.4
Stealth        | |  2.4

Action                   |  1- 3 |  4- 6 |  7- 9 || total
-------------------------+-------+-------+-------++-------
Melee: War axe           |       |    15 |    21 ||    36
       Quarterstaff      |       |     1 |       ||     1
 Cast: Magic Dart        |    51 |    44 |    54 ||   149
       Searing Ray       |     2 |    15 |    25 ||    42
       Fulminant Prism   |       |       |     6 ||     6
       Iskenderun's Myst |       |       |     3 ||     3
Evoke: Wand              |       |       |     1 ||     1
  Use: Scroll            |       |    10 |     1 ||    11
 Stab: Sleeping          |       |     1 |     1 ||     2
Armor: Robe              |     2 |     9 |    11 ||    22
Dodge: Dodged            |     2 |    19 |    27 ||    48

Table legend: (Time is in decaauts)
 A = Elapsed time spent in this place.
 B = Non-inter-level travel time spent in this place.
 C = Inter-level travel time spent in this place.
 D = Time resting spent in this place.
 E = Time spent auto-exploring this place.
 F = Levels seen in this place.
 G = Mean time per level.
                   A        B        C        D        E       F      G
               +--------+--------+--------+--------+--------+-----+--------+
         Total |   6774 |   6711 |     63 |   1779 |   4206 |   7 |  967.7 |
       Dungeon |   6774 |   6711 |     63 |   1779 |   4206 |   7 |  967.7 |
               +--------+--------+--------+--------+--------+-----+--------+

Top non-repeatable levels by time:
     D:2: 1632 daAuts
     D:4: 1414 daAuts
     D:3: 1078 daAuts
     D:6: 1006 daAuts
     D:1: 940 daAuts
     D:5: 666 daAuts
     D:7: 34 daAuts
